Map: [ESL] NeoHumanity

Players

Reynor

  • Race: Zerg Zerg
  • League: Master
  • Spawn Location: 5:00

Solar - Winner!

  • Race: Zerg Zerg
  • League: Master
  • Spawn Location: 11:00

Event: HomeStory Cup XXIII

VOD

Have the link to the VOD?

Description

Time

  • Played on: July 2, 2023, 5:10 p.m.
  • Length: 10:08

All games in this series

Show
View Real Time Build Order
Export as new Build Order

Reynor Zerg 

Build Orders: Hatch First 

Get SALT Encoding   

  12  0:00  Drone  
  13  0:07  Drone  
  14  0:14  Extractor, Drone  
  15  0:35  Hatchery  
  14  0:41  Extractor, Drone  
  15  0:47  Overlord  
  15  1:02  Spawning Pool  
  14  1:05  Drone  
  14  1:09  Drone  
  16  1:12  Drone  
  16  1:17  Drone  
  18  1:26  Extractor  
  18  1:27  Drone  
  18  1:38  Drone  
  19  1:47  Drone  
  19  1:48  Queen x2  
  19  1:51  Drone  
  25  1:58  Drone  
  25  2:00  Overlord  
  26  2:08  Drone  
  26  2:10  Drone  
  28  2:19  Drone  
  28  2:21  Drone  
  30  2:24  Queen  
  32  2:30  Drone  
  32  2:32  Drone  
  32  2:33  Queen  
  36  2:43  Overlord  
  36  2:44  Drone, Roach Warren  
  36  3:01  Drone  
  36  3:02  Evolution Chamber  
  36  3:03  Drone x2  
  36  3:04  Overlord  
  38  3:05  Drone  
  39  3:16  Overlord  
  39  3:19  Evolution Chamber  
  38  3:21  Drone  
  38  3:25  Roach x3  
  45  3:28  Roach  
  45  3:29  Roach x2  
  51  3:35  Drone x2  
  51  3:38  Roach  
  55  3:43  Drone x2  
  57  3:53  Zerg Missile Weapons Level 1  
  57  3:56  Drone  
  57  3:59  Hatchery  
  57  4:02  Drone x3  
  60  4:04  Overlord  
  60  4:11  Extractor, Overlord  
  60  4:15  Drone  
  60  4:18  Overlord  
  60  4:23  Drone x5  
  65  4:29  Overlord  
  65  4:30  Extractor  
  64  4:33  Lair  
  64  4:34  Drone  
  65  4:38  Extractor  
  65  4:40  Drone x2  
  65  4:42  Roach  
  65  4:43  Roach  
  70  4:46  Drone x2  
  70  4:48  Roach  
  74  4:53  Roach  
  74  4:58  Roach  
  78  5:03  Drone  
  79  5:08  Roach  
  79  5:11  Roach  
  79  5:12  Overlord  
  79  5:13  Roach x2  
  79  5:14  Roach  
  89  5:19  Roach  
  91  5:23  Roach  
  91  5:26  Roach x2  
  91  5:27  Overlord  
  97  5:31  Roach x2  
  97  5:34  Spine Crawler  
  100  5:38  Roach x2  
  104  5:45  Roach x3  
  104  5:49  Roach x2  
  108  5:52  Ravager  
  98  5:57  Roach x3  
  98  5:59  Roach x2  
  98  6:02  Roach  
  94  6:06  Roach x2  
  92  6:15  Roach x3  
  92  6:16  Roach  
  98  6:19  Roach  
  98  6:25  Roach x2  
  84  6:27  Roach  
  84  6:31  Queen  
  88  6:36  Roach x2  
  88  6:37  Roach  
  94  6:43  Roach  
  94  6:44  Roach x2  
  94  6:45  Roach  
  102  6:53  Glial Reconstitution  
  101  6:55  Drone x2  
  101  6:58  Drone x2  
  105  7:02  Roach  
  105  7:06  Roach  
  109  7:11  Roach  
  109  7:13  Roach  
  113  7:17  Overlord, Evolution Chamber  
  113  7:22  Overlord  
  112  7:23  Spine Crawler  
  112  7:28  Overlord  
  111  7:33  Spine Crawler  
  110  7:40  Roach x2, Evolution Chamber  
  113  7:44  Overlord  
  113  7:50  Roach x5  
  120  7:55  Roach x2  
  118  8:02  Roach x2  
  118  8:05  Roach, Ravager  
  120  8:09  Roach  
  120  8:12  Roach  
  104  8:14  Roach  
  100  8:20  Roach  
  100  8:22  Ravager  
  100  8:24  Roach, Queen  
  102  8:27  Roach  
  102  8:31  Roach  
  102  8:33  Roach  
  82  8:41  Ravager  
  82  8:43  Roach x2  
  82  8:47  Queen  
  89  8:48  Roach  
  89  8:54  Ravager  
  89  8:55  Roach x2  
  96  8:59  Overlord  
  96  9:02  Roach  
  98  9:06  Roach x2  
  102  9:15  Roach  
  102  9:16  Spire  
  103  9:20  Roach  
  105  9:28  Roach x2  
  87  9:37  Roach  
  69  9:40  Roach  
  57  9:47  Roach x2  
Show
View Real Time Build Order
Export as new Build Order

Solar Zerg - Winner!

Build Orders: Hatch First 

Get SALT Encoding   

  12  0:00  Drone  
  13  0:12  Overlord  
  13  0:17  Drone  
  14  0:31  Drone x2  
  16  0:49  Hatchery  
  15  0:52  Drone  
  15  0:55  Drone  
  17  0:58  Drone  
  18  1:09  Extractor  
  17  1:13  Spawning Pool  
  17  1:17  Drone  
  17  1:20  Drone  
  18  1:28  Drone  
  19  1:39  Drone  
  20  1:52  Drone  
  21  2:02  Queen x2  
  21  2:03  Zergling x2  
  21  2:05  Overlord  
  26  2:12  Drone x2  
  26  2:13  Metabolic Boost  
  28  2:24  Drone x2  
  30  2:33  Hatchery  
  30  2:36  Drone  
  30  2:40  Zergling x2  
  30  2:43  Overlord  
  31  2:45  Drone  
  32  2:53  Drone  
  32  2:54  Drone  
  34  3:05  Drone x2  
  35  3:13  Drone x3, Evolution Chamber  
  35  3:15  Drone  
  35  3:16  Zergling x4  
  40  3:22  Overlord, Zergling x2  
  40  3:25  Queen  
  43  3:33  Drone  
  44  3:37  Overlord  
  44  3:39  Zerg Ground Armor Level 1  
  44  3:46  Zergling x12  
  49  3:51  Roach Warren  
  49  3:53  Zergling x2  
  49  3:55  Zergling x4  
  51  3:59  Zergling x4  
  51  4:00  Zergling x2  
  54  4:09  Overlord, Zergling x2  
  55  4:10  Zergling x2  
  55  4:18  Overlord  
  55  4:23  Overlord  
  55  4:24  Drone  
  56  4:26  Unknown  
  55  4:32  Roach x3  
  55  4:34  Roach x3  
  55  4:37  Roach  
  69  4:43  Overlord  
  68  4:47  Zergling x8  
  72  4:53  Zergling x8  
  72  4:55  Zergling x2  
  77  5:00  Ravager  
  77  5:01  Zergling x2  
  77  5:05  Zergling x8  
  83  5:09  Zergling x4, Ravager  
  83  5:12  Zergling x2  
  87  5:17  Zergling x6  
  90  5:22  Ravager  
  90  5:23  Overlord  
  90  5:26  Zergling x4  
  93  5:29  Ravager  
  93  5:32  Zergling x6  
  97  5:36  Overlord  
  94  5:43  Zergling x6  
  94  5:47  Zergling x6  
  95  5:55  Zergling x6  
  88  5:57  Zergling x4  
  88  5:58  Zergling x2  
  88  6:00  Zergling x2  
  88  6:02  Zergling x2  
  84  6:05  Roach  
  84  6:06  Zergling x4  
  84  6:08  Zergling x2  
  84  6:10  Zergling x4  
  85  6:15  Zergling x4  
  77  6:19  Zergling x4  
  77  6:20  Zergling x2, Ravager  
  77  6:24  Zergling x2  
  75  6:29  Roach  
  75  6:31  Roach  
  76  6:33  Roach  
  76  6:36  Ravager x2  
  76  6:37  Roach x2  
  76  6:38  Zergling x2  
  85  6:41  Roach  
  85  6:42  Zergling x2  
  84  6:48  Zergling x6  
  84  6:51  Roach  
  84  6:53  Roach  
  88  6:57  Roach  
  88  7:00  Roach  
  90  7:01  Zergling x2  
  90  7:03  Roach  
  90  7:06  Ravager x2  
  90  7:07  Zergling x2  
  95  7:09  Zergling x2  
  95  7:11  Zergling x2, Ravager  
  95  7:13  Zergling x2  
  99  7:17  Zergling x4  
  99  7:21  Overlord  
  99  7:22  Ravager  
  102  7:23  Zergling x2  
  102  7:26  Zergling x4  
  102  7:29  Zergling x2  
  107  7:30  Zergling x2  
  107  7:33  Ravager  
  108  7:37  Zergling x2  
  108  7:38  Zergling x6  
  112  7:45  Zergling x8  
  112  7:49  Zergling x4  
  115  7:54  Zergling x6  
  111  7:59  Zergling x4  
  111  8:00  Zergling x2  
  111  8:01  Zergling x2  
  111  8:08  Zergling x8  
  107  8:14  Zergling x8  
  107  8:19  Zergling x2  
  107  8:20  Zergling x2  
  107  8:25  Zergling x6  
  102  8:31  Roach x2  
  100  8:38  Zergling x4  
  100  8:45  Ravager x5  
  100  8:46  Zergling x8  
  109  8:49  Zergling x4  
  109  8:53  Zergling x2  
  109  8:54  Zergling x2  
  113  8:57  Zergling x4  
  113  8:59  Zergling x2  
  116  9:05  Zergling x4  
  116  9:08  Ravager x2  
  116  9:09  Zergling x2  
  121  9:12  Overlord  
  120  9:26  Zergling x10  
  120  9:30  Zergling x6  
  108  9:31  Zergling x2  
  108  9:34  Zergling x2  
  108  9:37  Zergling x4  
  94  9:39  Zergling x2  
  94  9:40  Ravager  
  94  9:42  Zergling x2  
  94  9:44  Zergling x2  
  87  9:47  Zergling x2  
  87  9:48  Zergling x4  
  87  9:50  Zergling x2  
Tags
 
Add a new tag
Caveats
  • Supply blocks, unpowered buildings, or Contaminate may cause inaccurate times.
  • Supply counts are checked every 10 seconds.